 Dungeon Crawl Stone Soup version 0.22.0-32-gbc6daba (console) character file.

534 removed the Conjurer (level 7, -1/59 HPs)
             Began as an Ogre Conjurer on Aug 23, 2018.
             Slain by an orc
             ... wielding a +0 war axe
              (5 damage)
             ... on level 4 of the Dungeon.
             The game lasted 00:10:39 (4383 turns).

removed the Conjurer (Ogre Conjurer)                Turns: 4383, Time: 00:10:41

Health: -1/59      AC:  3    Str: 13    XL:     7   Next: 25%
Magic:  2/10       EV: 10    Int: 18    God:
Gold:   136        SH:  0    Dex:  9    Spells: 7/10 levels left

rFire    . . .     SeeInvis .   a - +0 short sword (venom)
rCold    . . .     Gourm    .   (no shield)
rNeg     + . .     Faith    .   g - +0 robe
rPois    .         Spirit   .   (helmet restricted)
rElec    .         Reflect  .   (no cloak)
rCorr    .         Harm     .   (gloves unavailable)
MR       .....                  (boots unavailable)
Stlth    +.........             (no amulet)
HPRegen  0.19/turn              u - ring of positive energy
MPRegen  0.12/turn              (no ring)

@: hasted, slow
A: large, unfitting armour, tough skin 1
a: no special abilities


You were on level 4 of the Dungeon.
You were hungry.

You visited 1 branch of the dungeon, and saw 4 of its levels.

You collected 136 gold pieces.

Inventory:

Hand Weapons
 a - a +0 short sword of venom (weapon)
 e - a +1 club
Armour
 g - a +0 robe (worn)
Jewellery
 u - a ring of positive energy (left hand)
Scrolls
 i - a scroll of enchant armour {unknown}
 k - 2 scrolls of random uselessness
 m - 2 scrolls of remove curse
 o - a scroll of fear {unknown}
 p - 2 scrolls of identify {unknown}
 r - 2 scrolls of teleportation
 v - a scroll of amnesia {unknown}
Comestibles
 c - 9 rations
 w - 6 chunks of flesh


   Skills:
 - Level 1.7 Dodging
 - Level 1.4 Stealth
 - Level 2.4 Spellcasting
 + Level 7.8 Conjurations


You had 7 spell levels left.
You knew the following spells:

 Your Spells              Type           Power        Failure   Level  Hunger
a - Magic Dart            Conj           ####         1%          1    #......
b - Searing Ray           Conj           ####..       1%          2    ##.....

Your spell library contained the following spells:

 Spells                   Type           Power        Failure   Level  Hunger
 Iskenderun's Mystic Bla  Conj           ####....     7%          4    #####..
 Dazzling Spray           Conj/Hex       ###...       11%         3    ###....
 Force Lance              Conj/Tloc      ###.....     34%         4    #####..
 Fulminant Prism          Conj/Hex       ###.......   34%         4    #####..


Dungeon Overview and Level Annotations

Branches:
Dungeon (4/15)
 Temple: D:4-7

Altars:
Ru
Vehumet

Portals:
Sewer: D:4

Annotations:
D:4 2 transporters


Innate Abilities, Weirdness & Mutations

You are too large for most types of armour.
You have tough skin. (AC +1)


Message History

You hear a splash. x2
The gnoll shaman hits you with a whip.
* * * LOW HITPOINT WARNING * * *
The giant cockroach bites you.
* * * LOW HITPOINT WARNING * * *
You closely miss something.
The gnoll shaman mumbles some strange prayers to its god against you.
You easily resist.
You feel better.
The giant cockroach bites you but does no damage.
The gnoll shaman hits you with a whip!
* * * LOW HITPOINT WARNING * * *
The gnoll closely misses you.
You feel better. The giant cockroach barely misses you.
You hear some strange, mumbled words.
A magic dart appears from out of thin air!
The magic dart hits you!
* * * LOW HITPOINT WARNING * * *
The orc hits you with a war axe.
You die...

###.........................
...................... .....
......=............... ....
......?.####'#........ ...
###.....#≈≈≈≈#s####### #..
#####.#≈≈≈≈#)# #..
#.#≈∩≈≈#)# ###..
#.#≈gos#.#########....
#.#≈g@{#..............
#.######............#.
#.g.{.g.............#.
######o...............
##...............
##########...... #......
#...... #......


You could see a gnoll shaman, a gnoll, an orc and a giant cockroach.

Vanquished Creatures
  An ogre (D:4)
  A scorpion (D:4)
  4 orc wizards (D:4)
  An orc priest (D:4)
  An iguana (D:4)
  A worker ant (D:4)
  A hound skeleton (D:4)
  5 adders
  3 gnolls (D:4)
  A river rat (D:4)
  2 oozes (D:2)
  3 worms
  4 dart slugs
  2 leopard geckos
  2 orcs
  4 ball pythons
  8 giant cockroaches
  8 goblins
  8 hobgoblins
  9 jackals
  2 quokkas (D:2)
  7 bats
  2 frilled lizards (D:1)
  2 kobolds
  A leopard gecko skeleton (D:4)
  10 rats
93 creatures vanquished.

Vanquished Creatures (others)
  A leopard gecko (D:2)
1 creature vanquished.

Grand Total: 94 creatures vanquished

Notes
Turn   | Place    | Note
-------+----------+-------------------------------------------
     0 | D:1      | removed the Ogre Conjurer began the quest for the Orb.
     0 | D:1      | Reached XP level 1. HP: 16/16 MP: 3/3
   382 | D:1      | Reached skill level 4 in Conjurations
   382 | D:1      | Reached XP level 2. HP: 24/24 MP: 3/5
   737 | D:1      | Learned a level 2 spell: Searing Ray
   859 | D:1      | Reached XP level 3. HP: 26/31 MP: 0/6
  1949 | D:2      | Found a radiant altar of Vehumet.
  1973 | D:2      | Reached skill level 5 in Conjurations
  1973 | D:2      | Reached XP level 4. HP: 26/39 MP: 4/7
  3788 | D:3      | Reached XP level 5. HP: 45/45 MP: 6/8
  3905 | D:4      | Found a sacrificial altar of Ru.
  3964 | D:4      | Reached skill level 6 in Conjurations
  4028 | D:4      | Reached XP level 6. HP: 17/53 MP: 0/9
  4147 | D:4      | Found a transporter.
  4168 | D:4      | Found a transporter.
  4208 | D:4      | Reached skill level 7 in Conjurations
  4250 | D:4      | Found a glowing drain.
  4340 | D:4      | Reached XP level 7. HP: 34/59 MP: 1/10
  4383 | D:4      | Slain by an orc

Skill      XL: |  1  2  3  4  5  6 |
---------------+-------------------+-----
Conjurations   | 4 5 6 7 |  7.8
Dodging        | |  1.7
Stealth        | |  1.4
Spellcasting   | |  2.4

Action                   |  1- 3 |  4- 6 |  7- 9 || total
-------------------------+-------+-------+-------++-------
Melee: Club              |     7 |       |       ||     7
       Short sword       |    33 |    68 |    17 ||   118
 Cast: Magic Dart        |    84 |    49 |       ||   133
       Searing Ray       |     1 |     9 |     1 ||    11
  Use: Scroll            |     3 |     1 |       ||     4
       Potion            |       |     3 |     5 ||     8
  Eat: Chunk             |     4 |     8 |       ||    12
Armor: Robe              |    11 |    19 |    18 ||    48
Dodge: Dodged            |    24 |    60 |    26 ||   110
